 Dungeon Crawl Stone Soup version 0.23-a0-180-ga5275e7 (webtiles) character file.

98 Amnesiac the Skirmisher (level 4, 0/37 HPs)
             Began as a Mummy Monk on Sept 18, 2018.
             Was a Believer of Ru.
             Slain by an adder (2 damage)
             ... on level 4 of the Dungeon.
             The game lasted 00:04:45 (2606 turns).

Amnesiac the Skirmisher (Mummy Monk)                Turns: 2606, Time: 00:04:45

Health: 0/37       AC: 10    Str: 15    XL:     4   Next: 43%
Magic:  4/4        EV:  5    Int:  9    God:    Ru [**....]
Gold:   61         SH:  0    Dex: 14    Spells: 3/3 levels left

rFire    x . .     SeeInvis .   a - +0 hunting sling
rCold    + . .     Gourm    .   (shield unavailable)
rNeg     + + +     Faith    .   e - +0 plate armour
rPois    ∞         Spirit   .   (no helmet)
rElec    .         Reflect  .   (no cloak)
rCorr    +         Harm     .   (no gloves)
MR       .....                  (no boots)
Stlth    ..........             (no amulet)
HPRegen  0.12/turn              (ring unavailable)
MPRegen  0.09/turn              i - ring of resist corrosion

@: no status effects
A: no food or potions, fire vulnerability, cold resistance 1, negative energy
resistance 3, torment resistance, unbreathing, missing a hand
a: Renounce Religion


You were on level 4 of the Dungeon.
You worshipped Ru.
Ru was pleased with you.
You were not hungry.

You visited 1 branch of the dungeon, and saw 4 of its levels.
You also visited: Sewer.

You collected 61 gold pieces.

Inventory:

Hand Weapons
 a - a +0 hunting sling (weapon)
Missiles
 j - 69 stones (quivered)
Armour
 b - a +0 robe
 e - a +0 plate armour (worn)
Jewellery
 i - a ring of resist corrosion (right hand)
Scrolls
 c - 2 scrolls of fog {!r}
 f - a scroll of enchant weapon {!r}
 g - a scroll of amnesia {!r}
 h - a scroll of remove curse {!r}


   Skills:
 + Level 3.8 Fighting
   Level 2.4 Polearms
 * Level 3.8 Dodging
 - Level 1.5 Stealth


You had 3 spell levels left.
You didn't know any spells.
Your spell library was empty.

Dungeon Overview and Level Annotations

Branches:
Dungeon (4/15)
 Temple: D:4-7

Altars:
Ru

Annotations:
D:3 Ijyb, Purgy


Innate Abilities, Weirdness & Mutations

You do not eat or drink.
Your flesh is vulnerable to fire.
You are immune to poison.
Your flesh is cold resistant. (rC+)
You are immune to negative energy. (rN+++)
You are immune to unholy pain and torment.
You can survive without breathing.
You are missing a hand.


Message History

The adder bites you.
* * * LOW HITPOINT WARNING * * *
Unknown command.
Firing (i - inventory)
j - 77 stones (quivered)
Press: ? - help, Shift-Dir - straight line, f/p - gnoll
Aim: a gnoll, wielding a rapier (severely wounded)
You shoot a stone.
The stone hits the adder but does no damage.
The adder is heavily wounded.
The adder bites you but does no damage. x2
Unknown command.
Firing (i - inventory)
j - 76 stones (quivered)
Press: ? - help, Shift-Dir - straight line, f/p - gnoll
Aim: a gnoll, wielding a rapier (severely wounded)
You shoot a stone. The stone closely misses the adder.
The stone barely misses the gnoll.
The adder bites you but does no damage.
Unknown command.
Firing (i - inventory)
j - 75 stones (quivered)
Press: ? - help, Shift-Dir - straight line, f/p - gnoll
Aim: a gnoll, wielding a rapier (severely wounded)
You shoot a stone. The stone completely misses the adder.
The stone hits the gnoll but does no damage.
The gnoll is severely wounded.
The adder barely misses you. The adder bites you but does no damage.
Unknown command.
Firing (i - inventory)
j - 74 stones (quivered)
Press: ? - help, Shift-Dir - straight line, f/p - gnoll
Aim: a gnoll, wielding a rapier (severely wounded)
You shoot a stone. The stone hits the adder.
The adder is severely wounded.
The adder bites you but does no damage.
Unknown command.
Firing (i - inventory)
j - 73 stones (quivered)
Press: ? - help, Shift-Dir - straight line, f/p - gnoll
Aim: a gnoll, wielding a rapier (severely wounded)
You shoot a stone. The stone barely misses the adder.
The stone hits the gnoll but does no damage.
The gnoll is severely wounded.
The adder bites you.
* * * LOW HITPOINT WARNING * * *
The adder bites you but does no damage.
Unknown command.
Firing (i - inventory)
j - 72 stones (quivered)
Press: ? - help, Shift-Dir - straight line, f/p - gnoll
Aim: a gnoll, wielding a rapier (severely wounded)
You shoot a stone. The stone barely misses the adder.
The stone closely misses the gnoll.
The adder bites you but does no damage.
Unknown command.
Firing (i - inventory)
j - 71 stones (quivered)
Press: ? - help, Shift-Dir - straight line, f/p - gnoll
Aim: a gnoll, wielding a rapier (severely wounded)
You shoot a stone. The stone completely misses the adder.
The stone hits the gnoll!
You kill the gnoll!
The adder bites you but does no damage. x2
Unknown command.
Firing (i - inventory)
j - 70 stones (quivered)
Press: ? - help, Shift-Dir - straight line, f - adder
Aim: an adder (severely wounded)
You shoot a stone. The stone hits the adder.
The adder is almost dead.
The adder is stunned by your will and fails to attack.
The adder bites you.
You die...

### ..# ..# ..#
### ..##
#....######...#
+......@S)...(#
#....#####....#
#...$....#....###
#....>.<..........
#...............##
###...............
###......%..#.##
#..#.#......#
...........#.#


You could see an adder.

Vanquished Creatures
  A gnoll (D:4)
  3 adders
  A worm (D:3)
  A dart slug (D:1)
  3 leopard geckos
  4 giant cockroaches
  9 goblins
  7 jackals
  3 kobolds
  2 ball pythons
  7 bats
  8 frilled lizards
  8 rats
57 creatures vanquished.

Notes
Turn   | Place    | Note
-------+----------+-------------------------------------------
     0 | D:1      | Amnesiac the Mummy Monk began the quest for the Orb.
     0 | D:1      | Reached XP level 1. HP: 18/18 MP: 1/1
   214 | D:1      | Reached XP level 2. HP: 22/24 MP: 2/2
   610 | D:2      | Found a sacrificial altar of Ru.
   729 | D:2      | Reached XP level 3. HP: 13/29 MP: 3/3
   759 | D:2      | Became a worshipper of Ru the Awakened
   781 | D:2      | Gained mutation: You are missing a hand. [Ru sacrifice]
   781 | D:2      | Reached * piety under Ru
   781 | D:2      | Reached ** piety under Ru
  2287 | D:3      | Reached XP level 4. HP: 30/37 MP: 4/4
  2348 | D:3      | Found a glowing drain.
  2405 | Sewer    | Entered a sewer
  2511 | Sewer    | Noticed Purgy
  2565 | D:3      | Noticed Ijyb
  2606 | D:4      | Slain by an adder

Vault maps used:
D:1:      dpeg_arrival_ratfight
D:2:      hangedman_ru_absence
D:3:      cheibrodos_pilgrimage, tgw_trog, first_ration, gup_sewer_entry_spiral,
          uniq_ijyb, uniq_terence
D:4:      corexii_shack_village, kennysheep_generic_room_11
Sewer:    sewer_co_purgy_island

Skill      XL: |  1  2 |
---------------+-------+-----
Dodging        | 3 |  3.8
Fighting       | |  3.8
Polearms       | |  2.4
Stealth        | |  1.5

Action                   |  1- 3 |  4- 6 || total
-------------------------+-------+-------++-------
Melee: Spear             |   230 |       ||   230
 Fire: Hunting sling     |    23 |    66 ||    89
Invok: Sacrifice a Hand  |     1 |       ||     1
  Use: Scroll            |     3 |     3 ||     6
 Stab: Sleeping          |     3 |       ||     3
       Distracted        |     1 |       ||     1
Armor: Robe              |    10 |       ||    10
       Plate armour      |   104 |    60 ||   164
Dodge: Dodged            |    65 |    22 ||    87

Table legend:
 A = Non-vault XP
 B = Vault XP
 C = Vault XP percentage of total XP
 D = Non-vault monster count
 E = Vault monster count
 F = Vault count percentage of total count
                 A         B        C        D         E       F
            +---------+---------+-------+---------+---------+-------
      Total |     101 |      39 |  27.9 |      40 |      17 |  29.8
            +---------+---------+-------+---------+---------+-------
        D:1 |      40 |       5 |  11.1 |      22 |       5 |  18.5
        D:2 |      45 |       0 |   0.0 |      15 |       0 |   0.0
        D:3 |       4 |      29 |  87.9 |       2 |       7 |  77.8
        D:4 |      12 |       0 |   0.0 |       1 |       0 |   0.0
      Sewer |       0 |       5 | 100.0 |       0 |       5 | 100.0
            +---------+---------+-------+---------+---------+-------
